 Dungeon Crawl Stone Soup version 0.27-a0-1299-g1ab19c6527 (webtiles) character file.

Game seed: 12922747229983237124

7404 solopath the Frost Mage (level 11, -6/84 HPs)
             Began as a Barachi Ice Elementalist on June 16, 2021.
             Was an Elder of Cheibriados.
             Mangled by Harold (16 damage)
             ... on level 8 of the Dungeon.
             The game lasted 00:37:30 (13150 turns).

solopath the Frost Mage (Barachi Ice Elementalist) Turns: 13150, Time: 00:37:31

Health: -6/84      AC: 11    Str: 19    XL:     11   Next: 14%
Magic:  19/23      EV: 13    Int: 30    God:    Cheibriados [****..]
Gold:   1041       SH:  0    Dex: 24    Spells: 5/26 levels left

rFire    + . .     SeeInvis .   a - staff of cold
rCold    + + .     Faith    .   (no shield)
rNeg     . . .     Spirit   .   B - +3 leather armour {rF+}
rPois    +         Reflect  .   (no helmet)
rElec    .         Harm     .   j - +0 cloak
rCorr    .         Rampage  .   p - +0 pair of gloves
Will     .....                  E - +1 pair of boots {Stlth+}
Stlth    +++.......             (no amulet)
HPRegen  0.24/turn              k - +4 ring of slaying
MPRegen  0.18/turn              s - ring of poison resistance

@: about to teleport, unable to hop, very slow
A: amphibious, slowness 1, strong legs 1, +LOS, fangs 1, clever 1, cold
resistance 1
a: Hop, Renounce Religion, Bend Time, Temporal Distortion, Slouch


You were on level 8 of the Dungeon.
You worshipped Cheibriados.
Cheibriados was greatly pleased with you.
You visited 2 branches of the dungeon, and saw 9 of its levels.
You also visited: Ossuary and Bailey.

You collected 1041 gold pieces.

Inventory:

Hand Weapons
 h - the +10 quarterstaff of Ydomm {antimagic, Str+3 Dex+5}
   (You found it on level 7 of the Dungeon)

   It reduces the magical energy of the wielder, and disrupts the spells and
   magical abilities of those hit.
   Natural abilities and divine invocations are not affected.
   It affects your strength (+3).
   It affects your dexterity (+5).
Missiles
 g - 19 javelins
 C - 3 throwing nets
Armour
 j - a +0 cloak (worn)
 p - a +0 pair of gloves (worn)
 B - a +3 leather armour of fire resistance (worn)
 E - a +1 pair of boots of stealth (worn)
Magical Staves
 a - a staff of cold (weapon)
Jewellery
 k - a +4 ring of slaying (left hand)
 s - a ring of poison resistance (right hand)
Wands
 e - a wand of digging (5)
 i - a wand of iceblast (4)
 A - a wand of flame (12) (quivered)
Scrolls
 b - 5 scrolls of teleportation
 c - 3 scrolls of enchant weapon
 d - 6 scrolls of identify
 u - 2 scrolls of blinking
 v - 2 scrolls of acquirement
 x - a scroll of fog
 z - a scroll of magic mapping
Potions
 f - 7 potions of brilliance
 l - a potion of curing
 n - 4 potions of attraction
 o - 4 potions of berserk rage
 q - a potion of might
 w - a potion of flight
Miscellaneous
 m - a tin of tremorstones (2/2)


   Skills:
 - Level 7.0 Fighting
 * Level 5.4 Staves
 - Level 7.0 Armour
 - Level 2.1 Dodging
 - Level 1.7 Stealth
 - Level 8.4 Spellcasting
 - Level 3.0 Conjurations
 - Level 5.0 Summonings
 - Level 12.2 Ice Magic


You had 5 spell levels left.
You knew the following spells:

 Your Spells              Type           Power      Damage    Failure   Level
a - Freeze                Ice            100%       1d11      1%          1
b - Frozen Ramparts       Ice            100%       1d12      1%          3
c - Magic Dart            Conj           100%       1d8       1%          1
d - Summon Ice Beast      Ice/Summ       77%        N/A       1%          4
e - Hailstorm             Conj/Ice       73%        3d15      1%          4
f - Freezing Cloud        Conj/Ice/Air   29%        6-21      16%         5
g - Mephitic Cloud        Conj/Pois/Air  18%        N/A       10%         3

Your spell library contained the following spells:

 Spells                   Type           Power      Damage    Failure   Level
 Summon Small Mammal      Summ           100%       N/A       1%          1
 Call Imp                 Summ           42%        N/A       1%          2
 Ensorcelled Hibernation  Hex/Ice        100%       N/A       1%          2
 Searing Ray              Conj           60%        3d5       1%          2
 Call Canine Familiar     Summ           42%        N/A       1%          3
 Ozocubu's Armour         Ice            92%        N/A       1%          3
 Apportation              Tloc           24%        N/A       4%          1
 Corona                   Hex            13%        N/A       4%          1
 Pain                     Necr           48%        1d6       4%          1
 Summon Guardian Golem    Hex/Summ       27%        N/A       4%          3
 Poisonous Vapours        Pois/Air       24%        N/A       7%          2
 Conjure Flame            Conj/Fire      21%        6-21      8%          3
 Dazzling Flash           Conj/Hex       42%        N/A       8%          3
 Metabolic Englaciation   Hex/Ice        32%        N/A       11%         5
 Confusing Touch          Hex            12%        N/A       14%         3
 Teleport Other           Tloc           12%        N/A       14%         3
 Tukima's Dance           Hex            12%        N/A       14%         3
 Summon Lightning Spire   Summ/Air       27%        N/A       17%         4
 Fulminant Prism          Conj/Hex       10%        3d9       26%         4
 Iskenderun's Mystic Bla  Conj/Tloc      21%        2d6       26%         4
 Passage of Golubria      Tloc           N/A        N/A       43%         4


Dungeon Overview and Level Annotations

Branches:
Dungeon (8/15)             Temple (1/1) D:6         Ossuary (visited)
 Bailey (visited)
   Lair: D:8-11

Altars:
Cheibriados
Dithmenos
Fedhas
Gozag
Hepliaklqana
Kikubaaqudgha
Makhleb
Nemelex Xobeh
Okawaru
Qazlal
Trog
Uskayaw
Vehumet
Wu Jian
Xom
Zin
The Shining One

Annotations:
D:8 Harold


Innate Abilities, Weirdness & Mutations

You are amphibious.
You cover ground slowly.
You can hop short distances.
You have an extended range of vision and can be seen from far away.
You have very sharp teeth.
Your mind is acute. (Int +2)
Your flesh is cold resistant. (rC+)


Message History

You finish memorising.
Spell assigned to 'f'.
This spell is dangerous to cast!
Memorise Mephitic Cloud, consuming 3 spell levels and leaving 5?
You start memorising the spell.
You continue memorising. x3
You finish memorising.
Spell assigned to 'g'.
Okay, then.
You feel your willpower return.
v - 2 scrolls of acquirement (gained 1)
Things that are here:
a +0 robe; a +0 dagger
Things that are here:
a +0 ring mail; a +0 flail Harold the Weathered comes into view.
He is wielding a +0 glaive.
Harold shouts!
Harold hits you from afar with a +0 glaive.
Harold misses you.
Harold is nearby!
Harold misses you. Harold barely misses you.
You hit Harold but do no damage. Harold hits you with a +0 glaive!
Unknown command.
Casting: Summon Ice Beast (mildly dangerous; 1% risk of failure)
Confirm with . or Enter, or press ? or * to list all spells.
You feel a surge of power! A chill wind blows around you.
Harold hits you with a +0 glaive!
You swap places.
Harold hits you from afar with a +0 glaive!
Your ice beast hits Harold but does no damage.
Harold hits you from afar with a +0 glaive!
Your ice beast closely misses Harold.
Harold hits you from afar with a +0 glaive!!
* * * LOW HITPOINT WARNING * * *
Hop to where?
Press: ? - help, Dir - move target Boing!
Unknown command.
As you read the scroll of teleportation, it crumbles to dust.
You feel strangely unstable.
Your ice beast hits Harold.
Your ice beast freezes Harold!!
Harold hits you from afar with a +0 glaive!
You die...

### #.# #○#####
#.@...# #Y##.##
########@# #
#########........#
#............#####
.............#
.............#
.......#######
.......# .......#
.......#


You could see Harold (ally target) and a friendly ice beast (summoned).

Vanquished Creatures
  An ugly thing (D:8)
  A manticore (D:8)
  Maggie (D:6)
  A hornet (D:8)
  Sigmund (D:3)
  Eustachio (D:6)
  3 steam dragons
  3 acid dragons (D:8)
  4 water moccasins
  3 sky beasts (D:7)
  10 orc warriors
  An ice beast (D:6)
  An ogre (D:5)
  A necrophage (D:8)
  A hornet zombie (D:7)
  2 black bears
  2 wolves (D:8)
  11 centaurs
  2 bullfrogs (D:8)
  A gnoll sergeant (D:7)
  7 scorpions (Ossuary)
  2 wyvern zombies
  A wyvern skeleton (D:7)
  2 water moccasin skeletons
  A wight (D:8)
  A howler monkey (D:8)
  6 centaur zombies
  A human zombie (Ossuary)
  A bullfrog skeleton (D:6)
  2 orc priests (D:8)
  3 hounds (D:5)
  2 iguanas
  A scorpion zombie (Ossuary)
  3 orc wizards
  A howler monkey zombie (D:8)
  3 mummies (Ossuary)
  5 gnolls
  4 adders
  A shadow imp (D:8)
  A white imp (D:6)
  2 worms (D:3)
  3 dart slugs
  31 orcs
  6 ball pythons
  5 bats
  7 endoplasms
  5 giant cockroaches
  11 goblins
  3 hobgoblins (D:1)
  9 jackals
  2 quokkas
  6 frilled lizards
  4 kobolds
  2 kobold zombies (Ossuary)
  2 orc zombies (Ossuary)
  4 rats (D:1)
201 creatures vanquished.

Vanquished Creatures (collateral kills)
  Grum (D:8)
  An orc warrior (Bailey)
  A wight (D:8)
  A centaur zombie (Ossuary)
  2 orc priests (D:8)
  A human zombie (Ossuary)
  An orc wizard (D:8)
  A scorpion zombie (Ossuary)
  2 gnolls (D:8)
  4 orcs (D:8)
  A gnoll zombie (Ossuary)
16 creatures vanquished.

Vanquished Creatures (others)
  A wizard (D:7)
1 creature vanquished.

Grand Total: 218 creatures vanquished

Notes
Turn   | Place    | Note
-------+----------+-------------------------------------------
     0 | D:1      | solopath the Barachi Ice Elementalist began the quest for
                  | the Orb.
     0 | D:1      | Reached XP level 1. HP: 13/13 MP: 3/3
    26 | D:1      | Found a faded altar of an unknown god.
    36 | D:1      | Reached skill level 5 in Ice Magic
   159 | D:1      | Reached XP level 2. HP: 15/19 MP: 0/5
   729 | D:1      | Reached XP level 3. HP: 24/24 MP: 3/6
   762 | D:1      | Learned a level 3 spell: Frozen Ramparts
   764 | D:1      | Learned a level 1 spell: Magic Dart
   801 | D:1      | Reached skill level 6 in Ice Magic
  1915 | D:2      | Reached skill level 1 in Conjurations
  1966 | D:2      | Reached XP level 4. HP: 30/30 MP: 4/7
  3172 | D:3      | Noticed Sigmund
  3182 | D:3      | Killed Sigmund
  3183 | D:3      | Reached skill level 7 in Ice Magic
  3183 | D:3      | Reached XP level 5. HP: 35/35 MP: 0/8
  3183 | D:3      | Reached XP level 6. HP: 41/41 MP: 0/9
  3356 | D:3      | Reached skill level 8 in Ice Magic
  3447 | D:3      | Found a glowing golden altar of the Shining One.
  4311 | D:5      | Entered Level 5 of the Dungeon
  4432 | D:5      | Found a sparkling altar of Nemelex Xobeh.
  4836 | D:5      | Noticed a black bear
  4845 | D:5      | Killed a black bear
  4846 | D:5      | Reached XP level 7. HP: 46/46 MP: 7/11
  4935 | D:5      | Reached skill level 9 in Ice Magic
  5675 | D:6      | Found a staircase to the Ecumenical Temple.
  5684 | Temple   | Entered the Ecumenical Temple
  5730 | Temple   | Became a worshipper of Cheibriados the Contemplative
  5788 | D:6      | Learned a level 4 spell: Summon Ice Beast
  5796 | D:6      | Reached skill level 1 in Summonings
  6104 | D:6      | Found a shadowy altar of Dithmenos.
  6114 | D:6      | Noticed Eustachio
  6137 | D:6      | Noticed a steam dragon
  6142 | D:6      | Killed Eustachio
  6143 | D:6      | Reached skill level 1 in Staves
  6143 | D:6      | Reached XP level 8. HP: 31/52 MP: 8/14
  6146 | D:6      | Reached skill level 10 in Ice Magic
  6341 | D:6      | Found a hazy altar of Hepliaklqana.
  6467 | D:6      | Noticed Maggie
  6483 | D:6      | Killed Maggie
  7321 | D:7      | Reached skill level 5 in Spellcasting
  7349 | D:7      | Reached skill level 11 in Ice Magic
  7349 | D:7      | Reached XP level 9. HP: 43/57 MP: 13/16
  7375 | D:7      | Learned a level 4 spell: Hailstorm
  7402 | D:7      | Found a flagged portal.
  7403 | D:7      | Reached * piety under Cheibriados
  7419 | Bailey   | Entered a bailey
  8203 | Bailey   | Identified the +1 chain mail of Chimes {Slay+2}
  8224 | Bailey   | Reached skill level 5 in Summonings
  8636 | Bailey   | Reached skill level 1 in Fighting
  8636 | Bailey   | Reached skill level 1 in Armour
  8661 | Bailey   | Reached ** piety under Cheibriados
  8721 | Bailey   | Reached skill level 12 in Ice Magic
  9074 | Bailey   | Reached XP level 10. HP: 31/68 MP: 13/19
  9521 | D:7      | Found an opulent altar of Gozag.
  9550 | D:7      | Identified the +10 quarterstaff of Ydomm {antimagic, Str+3
                  | Dex+5}
  9564 | D:7      | Found an ornate altar of the Wu Jian Council.
  9739 | D:7      | Found a bloodstained altar of Trog.
  9741 | D:7      | Noticed a wizard
  9744 | D:7      | Killed a wizard
  9984 | D:7      | Found a shimmering altar of Xom.
  9984 | D:7      | Found an ancient bone altar of Kikubaaqudgha.
  9985 | D:7      | Found a hide-covered altar of Uskayaw.
 11014 | D:8      | Reached skill level 5 in Fighting
 11014 | D:8      | Reached skill level 5 in Armour
 11061 | D:8      | HP: 3/74 [acid (14)]
 11062 | D:8      | Reached *** piety under Cheibriados
 11076 | D:8      | Identified the +0 leather armour of the Untouchables {rPois
                  | rC+ Will++ Int-2}
 11221 | D:8      | Found a sand-covered staircase.
 11231 | Ossuary  | Entered an ossuary
 11508 | Ossuary  | Gained mutation: You have very sharp teeth. [potion of
                  | mutation]
 11508 | Ossuary  | Gained mutation: Your flesh is cold resistant. (rC+)
                  | [potion of mutation]
 11508 | Ossuary  | Gained mutation: Your mind is acute. (Int +2) [potion of
                  | mutation]
 11706 | Ossuary  | Reached **** piety under Cheibriados
 11963 | D:8      | Noticed a manticore
 12174 | D:8      | Killed a manticore
 12175 | D:8      | Reached XP level 11. HP: 16/83 MP: 8/23
 12311 | D:8      | Noticed a purple ugly thing
 12332 | D:8      | Killed a purple ugly thing
 12641 | D:8      | Noticed Grum
 12642 | D:8      | Reached skill level 5 in Staves
 12656 | D:8      | Killed Grum
 13020 | D:8      | Identified the +7 hand axe of Innocence {protect, rElec
                  | Will+ Str+2}
 13045 | D:8      | Identified the +1 leather armour of Divine Curiosity {Harm
                  | rF- Int+8 Dex+3}
 13046 | D:8      | Identified the Tome of Evil Displacement
 13051 | D:8      | Identified 2 scrolls of acquirement
 13051 | D:8      | Acquired 556 gold pieces
 13062 | D:8      | Learned a level 5 spell: Freezing Cloud
 13066 | D:8      | Learned a level 3 spell: Mephitic Cloud
 13144 | D:8      | Noticed Harold
 13150 | D:8      | Mangled by Harold

Illustrated notes

Levels and vault maps discovered:
D:1:      enne_arrival_octagon_isle, layout_basic, basic_ecumenical_altar,
          minmay_misc_feat_enclosed, kennysheep_nondescript,
          minmay_splitting_lines
D:2:      layout_basic, corner_web_ring
D:3:      layout_basic, tso_altar, minmay_fractal_squares_diagonal_5,
          uniq_sigmund
D:4:      layout_cave_pools, patterned_corridor
D:5:      layout_loops_ring, kennysheep_mini, serial_rivers,
          chequers_serial_rivers_micro_c, chequers_serial_rivers_marsh,
          chequers_serial_rivers_room_b, chequers_serial_rivers_micro_b,
          chequers_serial_rivers_room_a
D:6:      layout_loops_corners, nicolae_dithmenos_shadow_blocks,
          kennysheep_mini_moat, minmay_temple_entry_steel_oval, uniq_maggie,
          uniq_eustachio
D:7:      minmay_recursive_quarters, layout_basic, general_overflow_altar,
          grunt_gozag_breadcrumbs, trog_wizard, gammafunk_temple_overflow_claw,
          serial_corexii_hall, corexii_hall_statues_i,
          corexii_hall_statues_deadend, corexii_hall_statues_l,
          corexii_hall_statues_x, enter_bailey_3
D:8:      layout_basic, nicolae_ossuary_entry_ruins, minmay_tree_intersection,
          minmay_the_grid_2x2 [minmay_the_grid_box_x, minmay_the_grid_tiny_cups,
          minmay_the_grid_small_cups, minmay_the_grid_prize_diamond_cup],
          uniq_harold, uniq_grum
Temple:   dpeg_three_leaves_temple

Skill      XL: |  1  2  3  4  5  6  7  8  9 10 11 |
---------------+----------------------------------+-----
Ice Magic      | 5 6 7 8 9 11 12 | 12.2
Conjurations   | 1 3 |  3.0
Spellcasting   | 3 4 5 6 8 |  8.4
Summonings     | 1 3 5 |  5.0
Staves         | 1 3 4 5 |  5.4
Fighting       | 2 6 7 |  7.0
Armour         | 2 6 7 |  7.0
Dodging        | |  2.1
Stealth        | |  1.7

Action                   |  1- 3 |  4- 6 |  7- 9 | 10-12 || total
-------------------------+-------+-------+-------+-------++-------
Melee: Dagger            |    60 |    16 |       |       ||    76
       Quarterstaff      |       |     2 |    96 |    76 ||   174
       Staff             |       |       |     7 |    87 ||    94
       Bite              |       |       |       |    16 ||    16
 Cast: Freeze            |    44 |    59 |    19 |     8 ||   130
       Magic Dart        |     7 |     7 |    23 |     4 ||    41
       Frozen Ramparts   |     1 |     3 |     9 |    13 ||    26
       Summon Ice Beast  |       |       |     5 |    10 ||    15
       Hailstorm         |       |       |    32 |     8 ||    40
Invok: Bend Time         |       |       |       |     2 ||     2
 Abil: Hop               |     1 |     1 |     4 |     5 ||    11
Evoke: Wand              |       |       |    10 |       ||    10
  Use: Potion            |     1 |     7 |     3 |     1 ||    12
       Scroll            |     1 |       |     8 |     7 ||    16
 Stab: Sleeping          |     1 |       |       |     3 ||     4
       Distracted        |       |       |       |     1 ||     1
Armor: Robe              |    21 |     4 |     6 |       ||    31
       Leather armour    |       |       |    55 |    77 ||   132
Dodge: Dodged            |    64 |    40 |   144 |   131 ||   379

Table legend: (Time is in decaauts)
 A = Elapsed time spent in this place.
 B = Non-inter-level travel time spent in this place.
 C = Inter-level travel time spent in this place.
 D = Time resting spent in this place.
 E = Time spent auto-exploring this place.
 F = Levels seen in this place.
 G = Mean time per level.
                   A        B        C        D        E       F      G
               +--------+--------+--------+--------+--------+-----+--------+
         Total |  16003 |  15699 |    304 |   3363 |   9442 |  11 | 1454.8 |
       Dungeon |  12874 |  12589 |    285 |   2222 |   8482 |   8 | 1609.2 |
        Temple |     74 |     56 |     18 |      0 |     32 |   1 |   74.0 |
       Ossuary |    796 |    796 |      0 |    192 |    211 |   1 |  796.0 |
        Bailey |   2258 |   2258 |      0 |    948 |    716 |   1 | 2258.0 |
               +--------+--------+--------+--------+--------+-----+--------+

Top non-repeatable levels by time:
     D:7: 2421 daAuts
  Bailey: 2258 daAuts
     D:8: 2198 daAuts
     D:6: 2072 daAuts
     D:1: 1492 daAuts
     D:5: 1409 daAuts
     D:2: 1300 daAuts
     D:3: 1103 daAuts
     D:4: 877 daAuts
 Ossuary: 796 daAuts
  Temple: 74 daAuts
